 Dungeon Crawl Stone Soup version 0.28.0 (webtiles) character file.

Game seed: 280773927664193105

26 Colgate the Skirmisher (level 3, -1/23 HPs)
             Began as a Kobold Wanderer on Feb 5, 2022.
             Succumbed to a hobgoblin's poison
             ... on level 2 of the Dungeon.
             The game lasted 00:08:00 (1746 turns).

Colgate the Skirmisher (Kobold Wanderer)            Turns: 1746, Time: 00:08:00

Health: -1/23      AC:  2    Str:  8    XL:     3   Next: 22%
Magic:  2/4        EV: 12    Int: 16    God:
Gold:   20         SH:  7    Dex: 14    Spells: 3/4 levels left

rFire   . . .      SeeInvis .   a - +0 dagger
rCold   . . .      Faith    .   d - +2 buckler
rNeg    . . .      Spirit   .   c - +0 robe
rPois   .          Reflect  .   (no helmet)
rElec   .          Harm     .   (no cloak)
rCorr   .          Rampage  .   (no gloves)
Will    .....                   (no boots)
Stlth   +++.......              (no amulet)
HPRegen 0.07/turn               (no ring)
MPRegen 0.09/turn               (no ring)

@: lethally poisoned (-1 -> -27)
A: small, no large weapons, nightstalker 3
a: no special abilities


You were on level 2 of the Dungeon.
You visited 1 branch of the dungeon, and saw 2 of its levels.

You collected 20 gold pieces.

Inventory:

Hand Weapons
 a - a +0 dagger (weapon)
Missiles
 e - 4 boomerangs
 f - 39 stones
Armour
 c - a +0 robe (worn)
 d - a +2 buckler (worn)
 g - a +0 scale mail
Magical Staves
 i - a staff of cold
Scrolls
 h - a scroll of magic mapping {unknown}
 j - a scroll of blinking
 l - a scroll of amnesia {unknown}
Potions
 b - a potion of mutation
 k - a potion of attraction {unknown}


   Skills:
 - Level 3.2 Fighting
 - Level 1.0 Armour
 + Level 2.2 Stealth
 - Level 1.5 Shields
 - Level 1.1 Spellcasting
 - Level 3.0 Transmutations
 - Level 2.0 Poison Magic


You had 3 spell levels left.
You knew the following spells:

 Your Spells              Type           Power      Damage    Failure   Level
a - Sting                 Tmut/Pois      32%        1d4       12%         1

Your spell library contained the following spells:

 Spells                   Type           Power      Damage    Failure   Level
 Ignite Poison            Fire/Tmut/Pois 6%         N/A       45%         3


Dungeon Overview and Level Annotations

Branches:
Dungeon (2/15)

Altars:


Innate Abilities, Weirdness & Mutations

You are small and have problems with some larger weapons.
You are completely attuned to the shadows.


Message History

The quokka is lightly wounded.
You block the quokka's attack.
Your magical contamination has completely faded away.
You barely miss the quokka.
The quokka is lightly wounded.
The quokka closely misses you.
The sting hits the quokka but does no damage.
The quokka is poisoned.
The quokka is lightly wounded.
The quokka bites you. The quokka completely misses you.
The sting hits the quokka.
The quokka looks even sicker.
You kill the quokka!
A hobgoblin comes into view. It is wielding a -2 dagger of venom.
You can't see any susceptible monsters within range! (Use Z to cast anyway.)
The hobgoblin shouts!
The sting misses the hobgoblin.
The sting hits the hobgoblin.
The hobgoblin is poisoned.
The hobgoblin is lightly wounded.
You hit the hobgoblin but do no damage.
The hobgoblin is moderately wounded.
The hobgoblin hits you but does no damage.
You are poisoned.
You closely miss the hobgoblin.
The hobgoblin is moderately wounded.
You feel very sick.
The hobgoblin hits you with a -2 dagger of venom.
You are lethally poisoned!
You barely miss the hobgoblin.
The hobgoblin is moderately wounded.
You feel very sick.
The hobgoblin hits you with a -2 dagger of venom.
* * * LOW HITPOINT WARNING * * *
You are more poisoned.
You are too injured to fight recklessly!
You are too injured to fight recklessly!
You are too injured to fight recklessly!
You are too injured to fight recklessly!
You hit the hobgoblin but do no damage.
The hobgoblin is severely wounded.
You die...

#.# #.# #.# #.# #.# #.#
#.##########.#####.#
#.##...............#
#.##.#######.#######
#######.##.#######.#
#######.)................#
........#######.<#########
#...##### ##.@#########
.....## #.g.........#
......### ###..#######..#
#.......####.............#
......#.#.......######...#
.....##.#.##.##.# #...#
#...###....#.##.### #.#.#
#.......g........# #...#
####...#.####.# #..##


You could see a hobgoblin (poisoned).

Vanquished Creatures
  A dart slug (D:1)
  5 ball pythons (D:1)
  4 bats (D:1)
  2 endoplasms
  A giant cockroach (D:1)
  2 hobgoblins
  A kobold (D:2)
  A quokka (D:2)
  2 frilled lizards (D:1)
  A goblin (D:2)
  4 rats (D:1)
24 creatures vanquished.

Vanquished Creatures (others)
  4 withered plants (D:2)
4 creatures vanquished.

Grand Total: 28 creatures vanquished

Notes
Turn   | Place    | Note
-------+----------+-------------------------------------------
     0 | D:1      | Colgate the Kobold Wanderer began the quest for the Orb.
     0 | D:1      | Colgate set off with the following items: a +0 dagger, a
                  | potion of mutation, a +0 robe, a +2 buckler; and the
                  | following spell memorised: Sting; and the following spells
                  | available to memorise: Ignite Poison
     0 | D:1      | Reached XP level 1. HP: 14/14 MP: 2/2
    80 | D:1      | Reached skill level 1 in Poison Magic
   281 | D:1      | Reached XP level 2. HP: 17/19 MP: 0/3
   999 | D:1      | Reached skill level 1 in Stealth
  1276 | D:1      | Reached XP level 3. HP: 23/23 MP: 2/4
  1746 | D:2      | Succumbed to a hobgoblin's poison

Illustrated notes

Levels and vault maps discovered:
D:1:      scummos_arrival_simple_fountains, layout_basic, patterned_corridor
D:2:      layout_loops_ring, serial_undead, serial_undead_a, serial_undead_b,
          serial_undead_a, serial_undead_c, ebering_ecumenical_altar_rust

Skill      XL: |  1  2  3 |
---------------+----------+-----
Poison Magic   | 1 2 |  2.0
Stealth        | 1 2 |  2.2
Fighting       | |  3.2
Armour         | |  1.0
Shields        | |  1.5
Spellcasting   | |  1.1
Transmutations | |  3.0

Action                   || total
-------------------------++-------
Melee: Dagger            ||    35
 Cast: Sting             ||    23
  Use: Scroll            ||     2
 Stab: Sleeping          ||    12
Armor: Robe              ||     1
Dodge: Dodged            ||    13
Block: Buckler           ||    10
